 Dungeon Crawl Stone Soup version 0.27-a0-1149-g4505690ab0 (webtiles) character file.

Game seed: 12279597547052214677

115 robertstho the Bolt Thrower (level 5, 0/32 HPs)
             Began as a Kobold Hunter on May 12, 2021.
             Killed from afar by Natasha (8 damage)
             ... with a magic dart
             ... on level 3 of the Dungeon.
             The game lasted 00:02:52 (2600 turns).

robertstho the Bolt Thrower (Kobold Hunter)         Turns: 2600, Time: 00:02:52

Health: 0/32       AC:  7    Str:  9    XL:     5   Next: 20%
Magic:  5/5        EV: 13    Int: 12    God:
Gold:   73         SH:  0    Dex: 17    Spells: 4/4 levels left

rFire    . . .     SeeInvis .   a - +1 hand crossbow
rCold    . . .     Faith    .   (shield restricted)
rNeg     . . .     Spirit   .   h - +0 ring mail
rPois    .         Reflect  .   o - +1 helmet
rElec    .         Harm     .   (no cloak)
rCorr    .         Rampage  .   (no gloves)
Will     .....                  (no boots)
Stlth    ++........             (no amulet)
HPRegen  0.10/turn              (no ring)
MPRegen  0.09/turn              (no ring)

@: brilliant
A: small, no large weapons, nightstalker 3
a: no special abilities


You were on level 3 of the Dungeon.
You visited 1 branch of the dungeon, and saw 3 of its levels.

You collected 73 gold pieces.

Inventory:

Hand Weapons
 a - a +1 hand crossbow (weapon)
 b - a +0 short sword
Missiles
 d - 10 bolts (quivered ammo)
Armour
 h - a +0 ring mail (worn)
 o - a +1 helmet (worn)
Wands
 m - a wand of polymorph (7)
Scrolls
 f - a scroll of magic mapping
 j - a scroll of identify
 n - a scroll of immolation {unknown}


   Skills:
 * Level 2.8 Fighting
 * Level 6.7 Crossbows
 + Level 1.0 Armour
 + Level 2.4 Dodging
 * Level 1.7 Stealth


You had 4 spell levels left.
You didn't know any spells.
Your spell library contained the following spells:

 Spells                   Type           Power      Damage    Failure   Level
 Confusing Touch          Hex            0%         N/A       95%         3
 Gell's Gravitas          Tloc           0%         N/A       95%         3
 Petrify                  Tmut/Erth      0%         N/A       100%        4
 Metabolic Englaciation   Hex/Ice        0%         N/A       100%        5
 Yara's Violent Unravell  Hex/Tmut       0%         3d3       100%        5


Dungeon Overview and Level Annotations

Branches:
Dungeon (3/15)

Altars:

Annotations:
D:3 Natasha


Innate Abilities, Weirdness & Mutations

You are small and have problems with some larger weapons.
You are completely attuned to the shadows.


Message History

The puff of flame hits you.
* * * LOW HITPOINT WARNING * * *
The gnoll hits you with a +0 whip.
* * * LOW HITPOINT WARNING * * *
Natasha casts a spell.
You see here a rat corpse.
Natasha stares at you and mumbles some strange words.
You resist with some effort.
It was a potion of brilliance.
You feel clever all of a sudden. The gnoll misses you.
As you read the scroll labelled XUWNAO GOUS, it crumbles to dust.
It is a scroll of amnesia.
You feel forgetful for a moment. The gnoll completely misses you.
As you read the scroll labelled HUCZIGYOMA, it crumbles to dust.
The scroll dissolves into smoke.
It was a scroll of fog.
The gnoll closely misses you.
Fire: 13 bolts
Press: ? - help, Q - select action, (/) - cycle Shift-Dir - straight line, f/p - gnoll
Aim: a gnoll, wielding a +0 whip (purple smoke, moderately wounded, 71% to hit)
You shoot a bolt. The bolt hits the gnoll!
You kill the gnoll!
Natasha mumbles some strange words.
Natasha's front paws start to glow.
Natasha mumbles some strange words.
Your Armour skill increases to level 1!
Fire: 12 bolts
Press: ? - help, Q - select action, (/) - cycle Shift-Dir - straight line, f - shadow imp
Aim: a shadow imp (purple smoke, summoned, 65% to hit)
You shoot a bolt.
The bolt completely misses the shadow imp.
The shadow imp gestures at you.
You barely resist.
Fire: 11 bolts
Press: ? - help, Q - select action, (/) - cycle Shift-Dir - straight line, f - Natasha, p - shadow imp
Aim: Natasha, carrying a wand of flame (5) (purple smoke, moderately wounded, 62% to hit)
You shoot a bolt. The bolt misses Natasha.
Natasha stares at you and mumbles some strange words.
The magic dart hits you!
You die...

......#.###[###.#
#..####.....# #.#
##..###...### #.#
#.........### #.#
#......#....###.#
##########.
...######.#...#.#
#.......... .)##
#.....§§## #.........(
..#
######§§5###§.5..((...
.## #§§@hr§h†...5(..(
.# ##§####r..((.(...
.# #§# #.......... ##
#.# #.......... ## #.#
#.......... .#
##..##.... .# #.# #...
.# .#


You could see Natasha, a shadow imp (summoned) and a rat.

Vanquished Creatures
  Natasha (D:3)
  2 gnolls
  An adder (D:3)
  3 worms
  An orc (D:3)
  7 ball pythons
  5 bats
  5 endoplasms
  2 giant cockroaches
  6 goblins
  5 hobgoblins
  2 jackals (D:1)
  3 kobolds
  A quokka (D:1)
  A frilled lizard (D:2)
  2 rats
47 creatures vanquished.

Notes
Turn   | Place    | Note
-------+----------+-------------------------------------------
     0 | D:1      | robertstho the Kobold Hunter began the quest for the Orb.
     0 | D:1      | Reached XP level 1. HP: 12/12 MP: 1/1
    66 | D:1      | Reached skill level 5 in Crossbows
   199 | D:1      | Reached XP level 2. HP: 17/17 MP: 2/2
   246 | D:1      | Reached XP level 3. HP: 15/21 MP: 3/3
   693 | D:1      | Reached skill level 6 in Crossbows
  1613 | D:2      | Reached XP level 4. HP: 27/27 MP: 4/4
  2329 | D:3      | Noticed Natasha
  2334 | D:3      | Killed Natasha
  2472 | D:3      | Noticed Natasha
  2489 | D:3      | Reached XP level 5. HP: 32/32 MP: 5/5
  2599 | D:3      | Reached skill level 1 in Armour
  2600 | D:3      | Killed from afar by Natasha

Illustrated notes

Levels and vault maps discovered:
D:1:      dpeg_arrival_solitude, layout_basic
D:2:      layout_basic
D:3:      layout_rooms, minmay_misc_feat_tower, nrook_mini_vaults,
          kennysheep_generic_room_6, uniq_natasha

Skill      XL: |  1  2  3  4  5 |
---------------+----------------+-----
Crossbows      | 5 6 |  6.7
Armour         | 1 |  1.0
Fighting       | |  2.8
Dodging        | |  2.4
Stealth        | |  1.7

Action                   |  1- 3 |  4- 6 || total
-------------------------+-------+-------++-------
 Fire: Hand crossbow     |    59 |    74 ||   133
  Use: Scroll            |     1 |     5 ||     6
       Potion            |       |     2 ||     2
Armor: Leather armour    |     1 |       ||     1
       Ring mail         |       |    15 ||    15
Dodge: Dodged            |     7 |    28 ||    35

Table legend: (Time is in decaauts)
 A = Elapsed time spent in this place.
 B = Non-inter-level travel time spent in this place.
 C = Inter-level travel time spent in this place.
 D = Time resting spent in this place.
 E = Time spent auto-exploring this place.
 F = Levels seen in this place.
 G = Mean time per level.
                   A        B        C        D        E       F      G
               +--------+--------+--------+--------+--------+-----+--------+
         Total |   2624 |   2526 |     98 |      0 |   2224 |   3 |  874.7 |
       Dungeon |   2624 |   2526 |     98 |      0 |   2224 |   3 |  874.7 |
               +--------+--------+--------+--------+--------+-----+--------+

Top non-repeatable levels by time:
     D:1: 1310 daAuts
     D:2: 987 daAuts
     D:3: 326 daAuts
